← All builds
Tech / Armada / Economy first / OBSERVED BUILD

Standard tech

Armada Tech (Eco) build order · Supreme Isthmus

Rushes T2 factory and T2 constructor to supply the team, upgrading mexes first and sending the first T2 constructor to Geo before scaling its own eco.

Usually first T2 con to Geo (82%)

#eco #t2 #team support · 1726 distinct matches · 266 players · 60% of Armada Tech games · team won 54% of 2044 · Recently observed

HOW TO PLAY IT

Key timing: T2 factory by 4:15

  1. Open 3 mex and heavy wind to fund a fast T2 rush.
  2. Put down Bot Lab, planning to eat it for reclaim soon after.
  3. Get Advanced Bot Lab up, hitting the T2 factory rush timing.
  4. Upgrade mex to Advanced Metal Extractor to lock in team metal income.
  5. Eat Advanced Bot Lab and keep sending cons to Geo and Pond.

Phase by phase

TYPICAL OF ITS 1726 GAMES
  1. 1
  2. 2
  3. 3
  4. 4
PLAY THE OPENING

Follow the example game's first 6:00 step by step: what to build now, what comes next, and where it goes. At 1× it keeps pace with your own game.

  1. 1

    Up to the Bot Lab

    Economy
    • Metal Extractor3Mex
    • Wind Turbine4Wind
    Order
    1. Bot LabBot Lab after 3 mex, 4 winddone ~1:18, middle half 1:13–1:32

    Some games also: energy storage (32%)

    By 1:01 in all: 3 mex · 4 wind

    The example game in this phase · 3 steps
    1. Mex ×3
    2. Wind ×3
    3. Bot LabBot Labdone 1:08 · typical 1:18
  2. 2

    Bot Lab to Advanced Bot Lab

    Economy
    • Metal Extractor1Mex
    • Wind Turbine8Wind
    • Energy Storage1Energy storage
    Order
    1. Advanced Bot LabAdvanced Bot Lab after 4 mex, 12 wind, 3 con turretdone ~4:16, middle half 4:04–4:30
    Builders
    • Construction Turret3 Con turret
    • Lazarus3 Lazarus
    • Construction Bot2 Con bot
    • Construction Bot1 Con bot for allies

    Some games also: converter (35%)

    By 3:18 in all: 4 mex · 12 wind · 1 energy storage · 3 con turret

    The example game in this phase · 15 steps
    1. LazarusLazarus
    2. Wind ×5
    3. LazarusLazarus
    4. Wind
    5. LazarusLazarus
    6. Construction BotCon bot ×2
    7. Energy storage
    8. Con turret
    9. Mex
    10. Con turret ×2
    11. Wind
    12. Converter
    13. Wind ×2
    14. Converter
    15. Advanced Bot LabAdvanced Bot Labdone 4:10 · typical 4:16
  3. 3

    Advanced Bot Lab to 5:00

    Economy
    • Wind Turbine3Wind
    Order
    1. Bot LabEat Bot Lab
    Builders
    • Advanced Construction Bot1 T2 con bot for allies

    Some games also: converter (35%)

    By 5:00 in all: 4 mex · 15 wind · 1 converter · 1 energy storage · 3 con turret

    The example game in this phase · 6 steps
    1. Wind
    2. Bot LabEat Bot Labreclaimed for its metal
    3. Wind ×2
    4. Advanced Construction BotT2 con botfor Geo
    5. Advanced Metal ExtractorT2 mexdone 4:53 · typical 5:28
    6. Advanced Construction BotT2 con botfor Air
  4. 4

    5:00 to 10:00

    Economy
    • Wind Turbine43Wind
    • Energy Converter6Converter
    Builders
    • Butler9 Butler
    • Advanced Construction Bot4 T2 con bot for allies
    • Advanced Construction Bot1 T2 con bot

    Some games also: con turret (42%) · Butler for allies (36%)

    By 10:00 in all: 4 mex · 59 wind · 8 converter · 1 energy storage · 3 con turret

    The example game in this phase · 247 steps
    1. Advanced Metal ExtractorT2 mex
    2. Wind
    3. Advanced Metal ExtractorT2 mex
    4. Wind
    5. Advanced Construction BotT2 con botfor Pond
    6. Wind ×6
    7. Advanced Metal ExtractorT2 mex
    8. Wind ×3
    9. Advanced Construction BotT2 con botfor Geo sea
    10. Wind
    11. ButlerButler
    12. Wind
    13. ButlerButler ×2
    14. Advanced Construction BotT2 con botfor Beach sea
    15. ButlerButler
    16. Advanced Metal ExtractorT2 mex
    17. Converter
    18. ButlerButler
    19. Converter
    20. ButlerButler
    21. Converter ×4
    22. Wind ×2for Beach sea
    23. Advanced Construction BotT2 con botfor Pond
    24. Wind ×7
    25. Windfor Beach sea
    26. Wind
    27. ButlerButlerfor Beach sea
    28. Windfor Beach sea
    29. Wind
    30. Windfor Beach sea
    31. ButlerButler
    32. Wind
    33. Windfor Beach sea
    34. Wind
    35. ButlerButler
    36. Wind ×2
    37. ButlerButler
    38. Wind ×3
    39. Con turret
    40. Wind ×3
    41. ButlerButler
    42. Windfor Beach sea
    43. Wind
    44. Con turret
    45. Wind
    46. Windfor Beach sea
    47. Wind ×2
    48. Con turret
    49. Windfor Beach sea
    50. Wind
    51. ButlerButler
    52. Wind
    53. Windfor Beach sea
    54. Con turret
    55. Wind ×6
    56. ButlerButler
    57. Con turret
    58. Wind ×7
    59. Windfor Beach sea
    60. Wind ×2
    61. Converter
    62. Windfor Beach sea
    63. Wind
    64. ButlerButler
    65. Wind ×2
    66. Windfor Beach sea
    67. Wind ×2
    68. Windfor Beach sea
    69. Converter
    70. Wind ×3
    71. Converter
    72. Wind
    73. ButlerButler
    74. Wind ×3
    75. Converter ×2
    76. Wind ×2
    77. Con turret
    78. Wind ×4
    79. Converter
    80. Wind
    81. Windfor Beach sea
    82. ButlerButler
    83. Wind ×2
    84. Windfor Beach sea
    85. Converter
    86. Con turret
    87. Wind ×2
    88. Windfor Beach sea
    89. Wind
    90. Converter
    91. Wind
    92. Windfor Beach sea
    93. Con turret
    94. Wind
    95. Advanced Construction BotT2 con bot
    96. Con turret
    97. Wind ×2
    98. Converter
    99. Wind ×4
    100. Converter
    101. Wind ×2
    102. Converter
    103. Wind ×4
    104. Converter
    105. Windfor Beach sea
    106. Wind
    107. Converter
    108. Wind
    109. Windfor Beach sea
    110. Wind ×2
    111. Converter ×3
    112. Fusion ReactorFusiondone 12:28
    113. Wind
    114. Windfor Beach sea
    115. Wind
    116. Converter
    117. Wind
    118. Windfor Beach sea
    119. Converter ×2
    120. Wind ×4
    121. Converter
    122. Wind ×2
    123. Converter
    124. Wind ×3
    125. Converter
    126. Wind
    127. Converter
    128. Wind ×3
    129. Converter
    130. Wind
    131. Windfor Beach sea
    132. Converter
    133. Wind
    134. PlatypusPlatypus
    135. Wind
    136. Windfor Beach sea
    137. Wind
    138. Converter ×2
    139. Wind
    140. Windfor Beach sea
    141. Wind
    142. Converter
    143. Wind
    144. Windfor Beach sea
    145. Wind
    146. Converter ×2
    147. Wind ×4
    148. Converter
    149. Wind
    150. Converter
    151. Wind ×4
    152. Converter ×2
    153. Wind ×3
    154. Windfor Beach sea
    155. Wind ×2
    156. Converter ×2
    157. Windfor Beach sea
    158. Wind
    159. Converter
    160. Wind ×2
    161. Converter ×2
    162. Wind
    163. Windfor Beach sea
    164. Wind
    165. Converter
    166. Wind
    167. Converter
    168. Wind ×4
    169. Converter ×2
    170. Wind ×4
    171. Converter
    172. PlatypusPlatypus
    173. Wind ×2
    174. Converter
    175. Wind
    176. PlatypusPlatypus
    177. Wind ×2
    178. Converter
    179. Wind ×2
    180. PlatypusPlatypus
    181. Wind ×2
    182. Converter
    183. Wind
    184. Converter
    185. PlatypusPlatypus
    186. Wind ×3
    187. PlatypusPlatypus
    188. Wind
    189. Converter
    190. Wind
    191. Converter
    192. Wind ×2
    193. PlatypusPlatypus
    194. Wind
    195. Converter
    196. Wind
    197. Converter
    198. Wind ×2
    199. PlatypusPlatypus
    200. Wind ×3
    201. PlatypusPlatypus
    202. Converter
    203. Wind ×3
    204. PlatypusPlatypus
    205. Wind ×3
    206. Converter
    207. PlatypusPlatypus
    208. Wind ×5
    209. PlatypusPlatypus
    210. Wind
    211. Converter
    212. Wind ×3
    213. PlatypusPlatypus
    214. Wind ×4
    215. PlatypusPlatypus
    216. Wind ×4
    217. PlatypusPlatypus
    218. Wind ×3
    219. PlatypusPlatypus
    220. Wind
    221. CitadelAnti-nukenot finished by 15:00
    222. Wind ×5
    223. PlatypusPlatypus
    224. Converter
    225. Wind ×3
    226. PlatypusPlatypus
    227. Wind ×2
    228. Converter
    229. Wind ×4
    230. PlatypusPlatypus
    231. Wind
    232. Converter
    233. Wind ×3
    234. PlatypusPlatypus
    235. Wind ×2
    236. Converter
    237. Wind ×6
    238. Converter
    239. Wind ×3
    240. Converter
    241. Wind ×6
    242. Converter
    243. Wind ×6
    244. Converter
    245. Wind ×5
    246. Converter
    247. Wind ×3

Counts are medians over the build's games: half of them build more, half fewer. The example game is matje2o's (34 OS, 15/10/2026); pick another.

Team trades

IN AT LEAST 30% OF ITS GAMES

You hand over

  • Construction Bot1 Con bot to Airfirst at 2:23 · in 83% of games
  • Advanced Construction Bot5 T2 con bot to Air or Pond or Geo seafirst at 4:51 · in 99% of games
  • Butler2 Butler to Geo sea or Beach sea or Pondfirst at 9:06 · in 42% of games

You get

  • Hercules1 Light transport from Airfirst at 4:02 · in 86% of games

How it plays out

Typical game of this build, running totals by minute

Metal produced

020k40k
0:005:0010:0015:00

metal

Enemy metal destroyed

050100
0:005:0010:0015:00

metal

Own metal lost

050100150
0:005:0010:0015:00

metal

2044 games.

Show as table
ByMetal produced: This buildEnemy metal destroyed: This buildOwn metal lost: This build
1:0038300
2:0091500
3:00165700
4:00314700
5:00484600
6:00580500
7:00724400
8:00907600
9:001120800
10:001354100
11:001625700
12:001967300
13:002346100
14:0027346074
15:003154297130
WHAT THE NUMBERS SAY

Standard Tech play barely fights at all early, instead pouring metal into T2 infrastructure and constructors for the team.

  • + Metal produced hits 31679 by 15:00, by far the highest of any role here.
  • + T2 factory reached in 97% of games by 4:15, fastest and most reliable T2 timing.
  • − Enemy metal destroyed stays at 0 through 10:00, no early offense at all.
  • − Own metal lost also near 0, showing total avoidance of combat risk.
THE EXAMPLE YOU ARE READING

matje2o

33.6 OS · 15/10/2026

Open source match ↗

1 received units
2016 metal received · 47488 energy received

Allied construction assistance is unknown. Timings are observations, not a promise of solo reproducibility.

Typical milestones

Bot Lab1:18Middle 50%: 1:13–1:32 · n=2044
Advanced Bot Lab4:16Middle 50%: 4:04–4:30 · n=2037
Advanced Metal Extractor5:28Middle 50%: 5:05–5:58 · n=2040

Played most by

Amrissa94games of this buildTheGeneraI70games of this buildAdeus59games of this buildEl_Turco56games of this build[NWP]134747games of this build